 Dungeon Sprint DCSS version 0.30.1-4-g462c640d31 (webtiles) character file.

Game seed: 2295651070526663373

300 Heoruswealwe the Unseen (level 6, 29/29 HPs)
             Began as a Spriggan Artificer on Aug 30, 2023.
             Got out of the dungeon alive.
             The game lasted 00:03:13 (260 turns).

Heoruswealwe the Unseen (Spriggan Artificer)         Turns: 260, Time: 00:03:13

Health: 29/29      AC:  2    Str:  8    XL:     6   Next: 13%
Magic:  7/7        EV: 18    Int: 13    God:
Gold:   374        SH:  0    Dex: 17    Spells: 5/5 levels left

rFire   . . .        a - +3 club
rCold   . . .        (no shield)
rNeg    . . .        c - +0 robe
rPois   .            (helmet restricted)
rElec   .            (no cloak)
rCorr   .            (gloves unavailable)
SInv    +            (boots unavailable)
Will    +....        (no amulet)
Stlth   +++++++      (no ring)
HPRegen 0.24/turn    (no ring)
MPRegen 0.10/turn

%: no teleportation
@: very quick
A: very small, no large weapons, unfitting armour, see invisible, speed 3
a: no special abilities


You escaped.
You visited 1 branch You collected 374 gold pieces.

Inventory:

Hand Weapons
 a - a +3 club (weapon)
Armour
 c - a +0 robe (worn)
Wands
 b - a wand of flame (3) (quivered)
 d - a wand of charming (15)
 e - a wand of iceblast (1)
 l - a wand of digging (5)
Scrolls
 k - a scroll of blinking
Potions
 f - a potion of curing
 g - a potion of heal wounds
 h - a potion of haste
 m - a potion of brilliance {unknown}


   Skills:
 - Level 0.7 Fighting
 - Level 3.2 Dodging
 + Level 19.1 Stealth
 - Level 4.0 Evocations


You had 5 spell levels left.
You didn't know any spells.
Your spell library was empty.

Dungeon Overview and Level Annotations

Branches:
Dungeon (1/1)

Altars:
Cheibriados
Dithmenos
Elyvilon
Fedhas
Hepliaklqana
Kikubaaqudgha
Okawaru
Qazlal
Ru
Sif Muna
Trog
Uskayaw
Vehumet
Wu Jian
Yredelemnul
Zin
The Shining One

Shops:
D [


Innate Abilities, Weirdness & Mutations

You are very small and have problems with some larger weapons.
You are too small for most types of armour.
You have supernaturally acute eyesight. (SInv)
You cover ground extremely quickly. (Speed+++)


Message History

There is an open door here.
You now have 239 gold pieces (gained 7).
There is an open door here.
You open the door.
Found 135 gold pieces.
There is an open door here.
You now have 266 gold pieces (gained 27).
You now have 293 gold pieces (gained 27).
You now have 320 gold pieces (gained 27).
You now have 347 gold pieces (gained 27).
You now have 374 gold pieces (gained 27).
There is an open door here.
You open the door.
A yak comes into view.
Found Goibilisi's Armour Emporium.
Found fourteen altars.
The puff of flame hits the yak.
The yak is lightly wounded.
The yak bellows!
The puff of flame hits the yak.
The yak is lightly wounded.
You see here a +0 spear.
The puff of flame hits the yak.
The yak is lightly wounded.
The puff of flame hits the yak.
The yak is lightly wounded.
There is an open door here.
There is an open door here.
The puff of flame hits the yak.
The yak is lightly wounded.
Things that are here:
a +2 heavy scythe; a +0 robe
There is an open door, spattered with blood here.
You see here a potion of berserk rage.
There is an open door here.
There is an open door here.
Things that are here:
a +0 giant club; an ogre corpse
There is a staircase leading out of the dungeon here.
Are you sure you want to leave the Dungeon?
This will make you lose the game!
You have escaped!

################
#@.#..'.!#.)'..#
#..)..#!.'..#..+
#..#####'#####'#
#..# #..#...#.#
#..#__####..##)#
#.)#_____##'#_.+
#⌠⌠#_.∩...'..._#
##.#_..__##_.#'#
#..#___ ##+#.#


There were no monsters in sight!

Vanquished Creatures
  Sigmund (D)
  An ogre (D)
  A jelly (D)
  Ijyb (D)
4 creatures vanquished.

Notes
Turn   | Place    | Note
-------+----------+-------------------------------------------
     0 | D        | Heoruswealwe the Spriggan Artificer began the quest for the
                  | Orb.
     0 | D        | Reached XP level 1. HP: 9/9 MP: 2/2
     1 | D        | Noticed Ijyb
    10 | D        | Killed Ijyb
    11 | D        | Reached skill level 9 in Stealth
    11 | D        | Reached XP level 2. HP: 2/14 MP: 3/3
    69 | D        | Noticed an ogre
    81 | D        | Killed an ogre
    82 | D        | Reached skill level 14 in Stealth
    82 | D        | Reached XP level 3. HP: 17/17 MP: 4/4
    82 | D        | Reached XP level 4. HP: 21/21 MP: 5/5
   103 | D        | Noticed Sigmund
   110 | D        | Killed Sigmund
   111 | D        | Reached skill level 18 in Stealth
   111 | D        | Reached XP level 5. HP: 8/25 MP: 6/6
   111 | D        | Reached XP level 6. HP: 10/29 MP: 7/7
   202 | D        | Found an ornate altar of the Wu Jian Council.
   202 | D        | Found a shimmering blue altar of Sif Muna.
   207 | D        | Reached skill level 19 in Stealth
   207 | D        | Found a radiant altar of Vehumet.
   234 | D        | Found Goibilisi's Armour Emporium.
   234 | D        | Found an ancient bone altar of Kikubaaqudgha.
   234 | D        | Found a hazy altar of Hepliaklqana.
   234 | D        | Found a stormy altar of Qazlal.
   234 | D        | Found a hide-covered altar of Uskayaw.
   234 | D        | Found a blossoming altar of Fedhas.
   234 | D        | Found a bloodstained altar of Trog.
   234 | D        | Found an iron altar of Okawaru.
   234 | D        | Found a basalt altar of Yredelemnul.
   234 | D        | Found a glowing golden altar of the Shining One.
   234 | D        | Found a snail-covered altar of Cheibriados.
   234 | D        | Found a sacrificial altar of Ru.
   234 | D        | Found a glowing silver altar of Zin.
   234 | D        | Found a shadowy altar of Dithmenos.
   234 | D        | Found a white marble altar of Elyvilon.
   234 | D        | Noticed a yak
   260 | D        | Got out of the dungeon alive.

Illustrated notes

Levels and vault maps discovered:
D:        dungeon_sprint_1 [red_sonja_temple_1, red_sonja_temple_small_1]

Skill      XL: |  1  2  3  4  5  6 |
---------------+-------------------+-----
Stealth        | 9 14 18 19 | 19.1
Fighting       | |  0.7
Dodging        | |  3.2
Evocations     | |  4.0

Action                     |  1- 3 |  4- 6 || total
---------------------------+-------+-------++-------
  Melee: Club              |       |     1 ||     1
  Evoke: Wand              |     8 |     9 ||    17
   Stab: Sleeping          |       |     1 ||     1
  Dodge: Dodged            |     1 |       ||     1
